 Dungeon Crawl Stone Soup version 0.26-a0-812-g31a745ddcd (webtiles) character file.

Game seed: 10325365025376929025

142 Dracia the Stinger (level 5, 0/35 HPs)
             Began as a Demonspawn Venom Mage on Dec 3, 2020.
             Succumbed to an adder's poison
             ... on level 3 of the Dungeon.
             The game lasted 00:06:15 (2587 turns).

Dracia the Stinger (Demonspawn Venom Mage)          Turns: 2587, Time: 00:06:16

Health: 0/35       AC:  2    Str:  6 (8)  XL:     5   Next: 3%
Magic:  6/8        EV: 13    Int: 15 (17) God:
Gold:   138        SH:  0    Dex: 11 (14) Spells: 5/8 levels left

rFire    . . .     SeeInvis .   a - +2 hand axe (vorpal)
rCold    . . .     Faith    .   (no shield)
rNeg     . . .     Spirit   .   i - +0 robe
rPois    .         Reflect  .   (helmet unavailable)
rElec    .         Harm     .   h - scarf {+Inv}
rCorr    .         Rampage  .   (no gloves)
MR       .....                  (no boots)
Stlth    ++........             n - amulet of magic regeneration
HPRegen  0.11/turn              (no ring)
MPRegen  0.36/turn              (no ring)

@: lethally poisoned (0 -> -6), attractive, hasted (expiring), very quick
A: horns 3
a: Evoke Invisibility


You were on level 3 of the Dungeon.
You visited 1 branch of the dungeon, and saw 3 of its levels.

You collected 138 gold pieces.


Innate Abilities, Weirdness & Mutations

You have a pair of large horns on your head.


   Skills:
 + Level 3.5 Dodging
 - Level 1.7 Stealth
 - Level 2.0 Spellcasting
 - Level 0.8 Transmutations
 + Level 4.5 Poison Magic


You had 5 spell levels left.
You knew the following spells:

 Your Spells              Type           Power        Failure   Level
d - Poisonous Vapours     Pois/Air       #.....       13%         2
f - Sting                 Tmut/Pois      #...         8%          1

Your spell library contained the following spells:

 Spells                   Type           Power        Failure   Level
 Ignite Poison            Fire/Tmut/Pois #.......     32%         3
 Mephitic Cloud           Conj/Pois/Air  #.......     34%         3
 Olgreb's Toxic Radiance  Pois           ###.....     34%         4

Inventory:

Hand Weapons
 a - a +2 vorpal hand axe (weapon)
 b - a +1 vorpal hunting sling
 r - a +0 spear
Missiles
 o - 22 stones (quivered)
Armour
 h - a scarf of invisibility (worn)
 i - a +0 robe (worn)
Jewellery
 n - an amulet of magic regeneration (around neck)
 p - a cursed -4 ring of strength {unknown}
Scrolls
 d - a scroll of remove curse {unknown}
 f - 2 scrolls of enchant weapon {unknown}
 g - a scroll of teleportation {unknown}
 j - 4 scrolls of identify {unknown}
 l - a scroll of amnesia {unknown}
 q - a scroll of noise {unknown}
Potions
 c - 3 potions of lignification
 e - 2 potions of curing {@q1@q1}

Dungeon Overview and Level Annotations

Branches:
Dungeon (3/15)

Altars:

#..$...###.........
..##...>..##...........
...>...<...#...........
#####..................
####....#..........?
........)#...........
.$###.....†!.........
###.#.......).!..
.......)@.......
.........)S)<.....
#####..............
##.............
#.)...........
..........>....
#..#.#.........
#.##.###.......


You could see an adder.


Message History

You feel less wooden.
Your scarf of invisibility unmelds from your body.
Your +0 robe unmelds from your body.
You become transparent for a moment.
The adder is pulled toward you! The adder misses you.
The orc hits you with a +0 falchion.
* * * LOW HITPOINT WARNING * * *
You barely miss the adder. You closely miss the orc.
The adder closely misses you.
You barely miss the adder. You hit the orc but do no damage.
Your extra speed is starting to run out.
The adder barely misses you. The orc misses you. The adder barely misses you.
Unknown command.
You miss the adder. You hit the orc but do no damage.
The orc barely misses you. The adder bites you.
* * * LOW HITPOINT WARNING * * *
Unknown command.
You feel better. The orc hits you with a +0 falchion!
* * * LOW HITPOINT WARNING * * *
The adder barely misses you.
You hit the adder.
The adder is severely wounded.
You barely miss the orc. The adder bites you.
* * * LOW HITPOINT WARNING * * *
You are lethally poisoned!
The adder poisons you! The orc barely misses you.
You closely miss the adder. Your headbutt misses the adder.
The adder is heavily wounded.
You hit the orc.
You kill the orc!
You die...

Skill      XL: |  1  2  3 |
---------------+----------+-----
Dodging        | 2 3 |  3.5
Poison Magic   | 4 |  4.5
Stealth        | |  1.7
Spellcasting   | |  2.0
Transmutations | |  0.8

Action                   |  1- 3 |  4- 6 || total
-------------------------+-------+-------++-------
Melee: Spear             |    34 |     4 ||    38
       Headbutt          |     6 |     4 ||    10
       Hand axe          |       |    80 ||    80
 Fire: Hunting sling     |     8 |       ||     8
 Cast: Sting             |    41 |     5 ||    46
       Poisonous Vapours |     4 |       ||     4
  Use: Potion            |       |     7 ||     7
 Stab: Sleeping          |       |     1 ||     1
Armor: Robe              |     8 |     6 ||    14
       Skin              |       |    31 ||    31
Dodge: Dodged            |    27 |    58 ||    85

Levels and vault maps discovered:
D:1:      psy_arrival_fountain, layout_rooms, minmay_hexomino_c4
D:2:      layout_loops_corners, uniq_terence
D:3:      layout_rooms, overflow_temple_1_default,
          hangedman_abyss_or_decor_lesser_grid

Notes
Turn   | Place    | Note
-------+----------+-------------------------------------------
     0 | D:1      | Dracia the Demonspawn Venom Mage began the quest for the
                  | Orb.
     0 | D:1      | Reached XP level 1. HP: 13/13 MP: 3/3
   247 | D:1      | Reached skill level 2 in Dodging
   323 | D:1      | Gained mutation: You have a pair of small horns on your
                  | head. [demonic ancestry]
   323 | D:1      | Reached XP level 2. HP: 19/19 MP: 3/5
   945 | D:2      | Gained mutation: You have a pair of horns on your head.
                  | [demonic ancestry]
   945 | D:2      | Reached XP level 3. HP: 24/24 MP: 6/6
   963 | D:2      | Learned a level 2 spell: Poisonous Vapours
  1348 | D:2      | Noticed Terence
  1358 | D:2      | Killed Terence
  1358 | D:2      | Reached skill level 3 in Dodging
  1358 | D:2      | Reached skill level 4 in Poison Magic
  1358 | D:2      | Gained mutation: You have a pair of large horns on your
                  | head. [demonic ancestry]
  1358 | D:2      | Reached XP level 4. HP: 25/30 MP: 2/7
  2571 | D:3      | Reached XP level 5. HP: 13/35 MP: 8/8
  2585 | D:3      | HP: 3/35 [orc/+0 falchion (7)]
  2586 | D:3      | HP: 1/35 [adder (2)]
  2587 | D:3      | Succumbed to an adder's poison

Vanquished Creatures
  Terence (D:2)
  4 adders
  An ooze (D:1)
  3 worms (D:2)
  A dart slug (D:2)
  5 leopard geckos
  4 orcs (D:3)
  5 giant cockroaches
  5 goblins
  6 hobgoblins
  3 quokkas (D:2)
  3 bats
  5 frilled lizards
  8 kobolds
  4 rats
58 creatures vanquished.

Vanquished Creatures (others)
  6 plants (D:1)
6 creatures vanquished.

Grand Total: 64 creatures vanquished

Table legend: (Time is in decaauts)
 A = Elapsed time spent in this place.
 B = Non-inter-level travel time spent in this place.
 C = Inter-level travel time spent in this place.
 D = Time resting spent in this place.
 E = Time spent auto-exploring this place.
 F = Levels seen in this place.
 G = Mean time per level.
                   A        B        C        D        E       F      G
               +--------+--------+--------+--------+--------+-----+--------+
         Total |   2598 |   2517 |     81 |      0 |   2102 |   3 |  866.0 |
       Dungeon |   2598 |   2517 |     81 |      0 |   2102 |   3 |  866.0 |
               +--------+--------+--------+--------+--------+-----+--------+

Top non-repeatable levels by time:
     D:2: 1765 daAuts
     D:1: 787 daAuts
     D:3: 45 daAuts

Table legend:
 A = Non-vault XP
 B = Vault XP
 C = Vault XP percentage of total XP
 D = Non-vault monster count
 E = Vault monster count
 F = Vault count percentage of total count
                 A         B        C        D         E       F
            +---------+---------+-------+---------+---------+-------
      Total |     147 |      56 |  27.6 |      49 |       9 |  15.5
            +---------+---------+-------+---------+---------+-------
        D:1 |      14 |      20 |  58.8 |      10 |       8 |  44.4
        D:2 |     100 |      36 |  26.5 |      30 |       1 |   3.2
        D:3 |      33 |       0 |   0.0 |       9 |       0 |   0.0
            +---------+---------+-------+---------+---------+-------
